 Dungeon Crawl Stone Soup version 0.19-a0-1740-g0bcaf2e (webtiles) character file.

5183 kae the Carver (level 10, 0/86 HPs)
             Began as a Formicid Fighter on Oct 2, 2016.
             Was a Follower of Ru.
             Succumbed to Iwannabefree's ghost's poison
             ... on level 12 of the Dungeon.
             The game lasted 00:15:27 (8583 turns).

kae the Carver (Formicid Fighter)                   Turns: 8583, Time: 00:15:28

Health: 0/86       AC:  8    Str: 25    XL:     10   Next: 90%
Magic:  0/10       EV:  9    Int:  7    God:    Ru [*.....]
Gold:   477        SH: 13    Dex: 10    Spells: 0 memorised, 9 levels left

rFire  . . .     SeeInvis +     u - +1 long sword (curse)
rCold  . . .     Gourm    .     b - +0 scale mail
rNeg   . . .     Faith    .     c - +1 shield
rPois  .         Spirit   +     (helmet unavailable)
rElec  .         Dismiss  .     l - +0 cloak
rCorr  .         Reflect  .     (no gloves)
MR     +....     Harm     .     (no boots)
Stlth  ..........               s - amulet of guardian spirit
                                (no ring)
                                k - ring of wizardry

@: lethally poisoned (0 -> -1), liquid flames, glowing
A: permanent stasis, dig shafts and tunnels, four strong arms, antennae 3,
robust 1, no ice magic, no necromancy magic, no summoning magic
a: Dig, Shaft Self, Renounce Religion


You were on level 12 of the Dungeon.
You worshipped Ru.
Ru was aware of your devotion.
You were near starving.

You visited 2 branches of the dungeon, and saw 11 of its levels.
You also visited: Ossuary.

You collected 477 gold pieces.

Inventory:

Hand Weapons
 a - a +1 long sword
 u - a cursed +1 long sword (weapon)
Armour
 b - a +0 scale mail (worn)
 c - a +1 shield (worn)
 l - a +0 cloak (worn)
Jewellery
 k - a ring of wizardry (left hand)
 p - an uncursed amulet of the gourmand
 q - an uncursed ring of ice {unknown}
 s - an amulet of guardian spirit (around neck)
 w - an uncursed amulet of harm {unknown}
Wands
 g - a wand of lightning (0/15)
 h - a wand of lightning (2/15)
 x - a wand of lightning (0/15)
 F - a wand of flame (6/48)
 H - a wand of disintegration (8/24)
Scrolls
 e - 2 scrolls of fog
 j - a scroll of enchant armour
 m - a scroll of amnesia
 n - 2 scrolls of immolation
 t - 4 scrolls of identify
 v - 5 scrolls of remove curse
 y - a scroll of magic mapping {unknown}
 C - 2 scrolls of fear {unknown}
 D - 2 scrolls of recharging
Potions
 d - 2 potions of magic
 r - 4 potions of lignification
 A - 2 potions of might
 E - a potion of cure mutation
Comestibles
 f - 6 bread rations
 i - 7 slices of pizza
 o - 6 meat rations
 z - a beef jerky
 B - 11 fruits


   Skills:
 + Level 7.1 Fighting
 * Level 12.1 Long Blades
 - Level 3.2 Armour
 + Level 9.5 Shields


You had 9 spell levels left.
You didn't know any spells.

Dungeon Overview and Level Annotations

Branches:
Dungeon (11/15)            Temple (1/1) D:6
   Lair: D:8-11         Orc: D:9-12

Altars:
Ashenzari
Cheibriados
Dithmenos
Elyvilon
Fedhas
Gozag
Kikubaaqudgha
Makhleb
Nemelex Xobeh
Okawaru
Qazlal
Ru
Sif Muna
Trog
Uskayaw
Vehumet
Xom
Yredelemnul
Zin
The Shining One

Shops:
D:2 *

Annotations:
D:11 Iwannabefree's ghost, novice DESu


Innate Abilities, Weirdness & Mutations

You are under a permanent stasis effect.
You can dig through walls and to a lower floor.
Your four strong arms can wield two-handed weapons with a shield.
You have a pair of large antennae on your head. (SInv)
You cannot study or cast Ice magic.
You cannot study or cast Necromancy magic.
You cannot study or cast Summoning magic.
You are robust. (+10% HP)


Message History

* * * LOW HITPOINT WARNING * * *
You block the orc's attack. You block the orc wizard's attack.
Iwannabefree's ghost sprays you with burning goo.
The sticky flame hits you!
You are covered in liquid flames!
* * * LOW HITPOINT WARNING * * *
The orc hits you but does no damage. x2
You begin to dig a shaft.
You continue digging a shaft.
You are covered in liquid flames!
* * * LOW HITPOINT WARNING * * *
You block the orc wizard's attack. You block the orc's attack.
Iwannabefree's ghost casts a spell at you.
Nothing appears to happen.
The orc barely misses you.
The orc wizard casts a spell.
A shaft appears beneath you!
You fall through a shaft!
The shaft crumbles and collapses.
You are covered in liquid flames!
* * * LOW HITPOINT WARNING * * *
You die... .#.#######.#... .......@....... ...##.####.#.## #

There were no monsters in sight!

Vanquished Creatures
  Maurice (D:8)
  2 dream sheep (D:8)
  2 yaks (D:8)
  A hungry ghost (D:5)
  Edmund (D:5)
  An ice beast (D:8)
  Purgy (D:3)
  3 orc warriors
  2 sky beasts
  A black bear (D:8)
  2 phantoms
  2 ogres
  2 centaurs
  3 big kobolds
  7 bullfrogs
  Blork the orc (D:4)
  A gnoll sergeant (D:8)
  3 scorpions
  7 wights
  3 killer bees (D:11)
  2 howler monkeys
  A crimson imp (D:8)
  A centaur zombie (D:7)
  2 bullfrog zombies (D:8)
  A bullfrog skeleton (D:7)
  6 hounds
  A human zombie (Ossuary)
  2 jellies
  2 orc wizards (D:4)
  2 orc priests (D:4)
  6 iguanas
  7 worker ants
  4 big kobold zombies (Ossuary)
  A hound zombie (D:8)
  2 mummies (Ossuary)
  7 gnolls
  8 adders
  A shadow imp (D:5)
  An ooze (D:2)
  4 worms
  A dart slug (D:3)
  3 leopard geckos
  17 orcs
  2 ball pythons
  7 bats
  2 giant cockroaches
  10 goblins
  10 hobgoblins
  29 jackals
  3 quokkas
  6 frilled lizards
  A goblin zombie (Ossuary)
  9 hobgoblin zombies (Ossuary)
  A jackal skeleton (D:4)
  A jackal zombie (Ossuary)
  8 kobolds
  10 kobold zombies (Ossuary)
  9 orc zombies (Ossuary)
  8 rats
  A rat zombie (Ossuary)
245 creatures vanquished.

Vanquished Creatures (others)
  A plant (D:8)
1 creature vanquished.

Grand Total: 246 creatures vanquished

Notes
Turn   | Place    | Note
-------+----------+-------------------------------------------
     0 | D:1      | kae the Formicid Fighter began the quest for the Orb.
     0 | D:1      | Reached XP level 1. HP: 18/18 MP: 1/1
    27 | D:1      | Reached XP level 2. HP: 11/24 MP: 2/2
   478 | D:1      | Reached XP level 3. HP: 22/30 MP: 3/3
  1015 | D:2      | Reached skill level 3 in Long Blades
  1015 | D:2      | Reached XP level 4. HP: 31/37 MP: 4/4
  1118 | D:2      | Found an opulent altar of Gozag.
  1121 | D:2      | Found Gozag's Platinum Reserve.
  1191 | D:2      | Found a blossoming altar of Fedhas.
  1193 | D:2      | Found a basalt altar of Yredelemnul.
  1195 | D:2      | Found a shattered altar of Ashenzari.
  1195 | D:2      | Found a stormy altar of Qazlal.
  1721 | D:3      | Reached XP level 5. HP: 42/42 MP: 5/5
  1915 | D:4      | Noticed a bullfrog
  1925 | D:4      | Killed a bullfrog
  1925 | D:4      | Reached skill level 4 in Long Blades
  1925 | D:4      | Reached XP level 6. HP: 38/49 MP: 6/6
  1983 | D:4      | Reached skill level 5 in Shields
  1998 | D:4      | Noticed Purgy
  2110 | D:3      | Killed Purgy
  2110 | D:3      | Reached skill level 5 in Long Blades
  2231 | D:4      | Reached XP level 7. HP: 50/55 MP: 7/7
  2473 | D:4      | Gained mutation: You are dopey. (Int -2) [potion of mutation]
  2473 | D:4      | Gained mutation: You are robust. (+10% HP) [potion of mutation]
  2473 | D:4      | Gained mutation: You have sharp toenails. [potion of mutation]
  2481 | D:4      | Gained mutation: You are partially covered in large bone plates. (SH +4) [potion of beneficial mutation]
  2495 | D:4      | Reached skill level 6 in Long Blades
  2696 | D:4      | Noticed Blork the orc
  2720 | D:4      | Killed Blork the orc
  2998 | D:4      | Reached skill level 5 in Fighting
  3095 | D:4      | Found a burning altar of Makhleb.
  3170 | D:5      | Entered Level 5 of the Dungeon
  3257 | D:5      | Noticed a hungry ghost
  3264 | D:5      | Killed a hungry ghost
  3264 | D:5      | Reached skill level 7 in Long Blades
  3264 | D:5      | Reached XP level 8. HP: 68/68 MP: 8/8
  3268 | D:5      | Noticed Edmund
  3330 | D:5      | Killed Edmund
  4011 | D:5      | Reached skill level 8 in Long Blades
  4266 | D:6      | Found a staircase to the Ecumenical Temple.
  4283 | Temple   | Entered the Ecumenical Temple
  4317 | Temple   | Became a worshipper of Ru the Awakened
  4398 | D:6      | Reached XP level 9. HP: 68/74 MP: 7/9
  5200 | D:6      | Noticed a moth of wrath
  5261 | D:6      | Found a bloodstained altar of Trog.
  5637 | D:7      | Reached skill level 9 in Long Blades
  5754 | D:7      | Found a white marble altar of Elyvilon.
  6723 | D:8      | Noticed a three-headed hydra
  6748 | D:8      | Reached skill level 10 in Long Blades
  6839 | D:8      | Found a sparkling altar of Nemelex Xobeh.
  7050 | D:8      | Reached XP level 10. HP: 63/84 MP: 6/10
  7264 | D:8      | Reached skill level 11 in Long Blades
  7419 | D:8      | Found a sand-covered staircase.
  7427 | Ossuary  | Entered an ossuary
  7772 | D:8      | Noticed Maurice
  7826 | D:8      | Killed Maurice
  7893 | D:8      | Reached skill level 12 in Long Blades
  8152 | D:8      | Lost mutation: You have sharp toenails. [potion of cure mutation]
  8152 | D:8      | Lost mutation: You are dopey. (Int -2) [potion of cure mutation]
  8152 | D:8      | Lost mutation: You are partially covered in large bone plates. (SH +4) [potion of cure mutation]
  8154 | D:8      | Gained mutation: You cannot study or cast Ice magic. [Ru sacrifice]
  8154 | D:8      | Gained mutation: You cannot study or cast Necromancy magic. [Ru sacrifice]
  8154 | D:8      | Gained mutation: You cannot study or cast Summoning magic. [Ru sacrifice]
  8154 | D:8      | Reached * piety under Ru
  8157 | D:8      | You fall through a shaft for 3 floors!
  8541 | D:11     | Noticed Iwannabefree's ghost (novice DESu)
  8582 | D:11     | HP: 2/86 [burnt (5)]
  8583 | D:11     | You fall through a shaft!
  8583 | D:12     | Succumbed to Iwannabefree's ghost's poison

Vault maps used:
D:1:      grunt_arrival_crossed_arrows
D:2:      grunt_temple_overflow_open, nicolae_gozag_zags_fifth_avenue
D:4:      makhleb_blood_cavern_becter, uniq_blork_the_orc, uniq_purgy
D:5:      first_bread, serial_park_tiny_pond, uniq_edmund
D:6:      tgw_trog
D:7:      lemuel_round_altar
D:8:      kennysheep_mini, nemelex_xobeh_ov_fountains_minmay,
          nicolae_ossuary_entry_ruins, hangedman_ranch, uniq_maurice
D:11:     guppyfry_shop_venom
D:12:     david_orc_4, serial_shops, shop_fountains, enter_trove_0, uniq_urug
Temple:   minmay_temple_bridge_abc
Ossuary:  ossuary_tomb_1

Skill      XL: |  1  2  3  4  5  6  7  8  9 10 |
---------------+-------------------------------+-----
Fighting       | 4 5 6 7 |  7.1
Shields        | 4 5 6 8 9 |  9.5
Long Blades    | 3 4 5 7 8 10 12 | 12.1
Armour         | |  3.2

Action                   |  1- 3 |  4- 6 |  7- 9 | 10-12 || total
-------------------------+-------+-------+-------+-------++-------
Melee: Long sword        |   131 |   149 |   583 |   387 ||  1250
       Kick              |       |       |   171 |   110 ||   281
Invok: Sacrifice Arcana  |       |       |       |     1 ||     1
 Abil: Dig               |     1 |     2 |    12 |     7 ||    22
       Shaft Self        |       |       |       |     2 ||     2
Evoke: Wand              |       |       |     6 |     6 ||    12
  Use: Potion            |     1 |     1 |     7 |     2 ||    11
       Scroll            |       |     8 |     5 |       ||    13
  Eat: Chunk             |       |     5 |    17 |     5 ||    27
       Pizza             |       |       |     1 |       ||     1
       Fruit             |       |       |       |     1 ||     1
Armor: Scale mail        |    62 |    59 |    91 |    30 ||   242
       Skin              |       |    20 |    11 |    26 ||    57
Dodge: Dodged            |    38 |    59 |   102 |    47 ||   246
Block: Shield            |    73 |    94 |   404 |   219 ||   790
